 Dungeon Crawl Stone Soup version 0.27-a0-1202-ge72e49191c (webtiles) character file.

Game seed: 8297288645672883549

176 funkygono the Stinger (level 5, -4/35 HPs)
             Began as a Formicid Venom Mage on June 4, 2021.
             Slain by Menkaure (15 damage)
             ... on level 4 of the Dungeon.
             The game lasted 00:10:04 (3629 turns).

funkygono the Stinger (Formicid Venom Mage)         Turns: 3629, Time: 00:10:05

Health: -4/35      AC:  5    Str: 18    XL:     5   Next: 86%
Magic:  4/10       EV: 12    Int: 22    God:
Gold:   157        SH:  0    Dex: 11    Spells: 0/10 levels left

rFire    . . .     SeeInvis +   f - +2 mace
rCold    . . .     Faith    .   (no shield)
rNeg     . . .     Spirit   .   a - +0 robe
rPois    .         Reflect  .   (helmet unavailable)
rElec    .         Harm     .   c - +1 cloak
rCorr    .         Rampage  .   e - +0 pair of gloves
Will     .....                  (no boots)
Stlth    ++........             (no amulet)
HPRegen  0.11/turn              l - +6 ring of intelligence
MPRegen  0.12/turn              m - +6 ring of strength

@: no status effects
A: permanent stasis, dig shafts and tunnels, antennae 3, four strong arms
a: Dig, Shaft Self


You were on level 4 of the Dungeon.
You visited 1 branch of the dungeon, and saw 4 of its levels.

You collected 157 gold pieces.

Inventory:

Hand Weapons
 f - a +2 mace (weapon)
 h - a +0 flail of venom
Missiles
 b - 197 stones
Armour
 a - a +0 robe (worn)
 c - a +1 cloak (worn)
 e - a +0 pair of gloves (worn)
Magical Staves
 j - a staff of conjuration
Jewellery
 l - a +6 ring of intelligence (left hand)
 m - a +6 ring of strength (right hand)
Wands
 i - a wand of flame (8)
Scrolls
 k - a scroll of identify
 n - a scroll of teleportation {unknown}
Potions
 d - a potion of curing
 g - a potion of attraction {unknown}


   Skills:
 + Level 0.2 Maces & Flails
 + Level 2.2 Dodging
 - Level 2.4 Stealth
 * Level 3.3 Spellcasting
 + Level 2.6 Transmutations
 * Level 0.6 Fire Magic
 + Level 0.2 Air Magic
 * Level 5.9 Poison Magic


You couldn't memorise any spells.
You knew the following spells:

 Your Spells              Type           Power      Damage    Failure   Level
a - Sting                 Tmut/Pois      88%        1d7       1%          1
b - Poisonous Vapours     Pois/Air       34%        N/A       4%          2
c - Ignite Poison         Fire/Tmut/Pois 17%        N/A       11%         3
d - Olgreb's Toxic Radia  Pois           29%        N/A       11%         4

Your spell library contained the following spells:

 Spells                   Type           Power      Damage    Failure   Level
 Summon Small Mammal      Summ           12%        N/A       12%         1
 Mephitic Cloud           Conj/Pois/Air  12%        N/A       16%         3
 Call Imp                 Summ           3%         N/A       19%         2
 Call Canine Familiar     Summ           3%         N/A       34%         3
 Summon Guardian Golem    Hex/Summ       3%         N/A       34%         3
 Summon Ice Beast         Ice/Summ       3%         N/A       75%         4
 Summon Lightning Spire   Summ/Air       4%         N/A       75%         4


Dungeon Overview and Level Annotations

Branches:
Dungeon (4/15)
 Temple: D:4-7

Altars:
Makhleb

Annotations:
D:4 1 runed translucent door, Menkaure; polve's ghost, amateur DsAK


Innate Abilities, Weirdness & Mutations

You cannot be hasted, slowed, berserked, paralysed or teleported.
You can dig through walls and to a lower floor.
You have a pair of large antennae on your head. (SInv)
Your four strong arms can wield two-handed weapons with a shield.


Message History

The sting hits Menkaure.
Menkaure partially resists.
Menkaure is lightly damaged.
Menkaure mumbles some strange words.
Menkaure seems to speed up.
Casting: Sting (safe; 1% risk of failure)
Confirm with . or Enter, or press ? or * to list all spells.
Aiming: Sting (safe; 1% risk of failure)
Press: ? - help, Shift-Dir - straight line, f/p - Menkaure
Aim: Menkaure (lightly damaged, fast, 89% to hit)
The sting hits Menkaure.
Menkaure is lightly damaged.
Menkaure calls on the powers of darkness!
Your body is wracked with pain!
Casting: Sting (safe; 1% risk of failure)
Confirm with . or Enter, or press ? or * to list all spells.
Aiming: Sting (safe; 1% risk of failure)
Press: ? - help, Shift-Dir - straight line, f/p - Menkaure
Aim: Menkaure (lightly damaged, fast, 89% to hit)
The sting hits Menkaure.
Menkaure partially resists.
Menkaure is lightly damaged.
Casting: Sting (safe; 1% risk of failure)
Confirm with . or Enter, or press ? or * to list all spells.
Aiming: Sting (safe; 1% risk of failure)
Press: ? - help, Shift-Dir - straight line, f/p - Menkaure
Aim: Menkaure (lightly damaged, fast, 89% to hit)
The sting hits Menkaure.
Menkaure partially resists.
Menkaure is moderately damaged.
Menkaure closely misses you.
Unknown command.
Casting: Sting (safe; 1% risk of failure)
Confirm with . or Enter, or press ? or * to list all spells.
Aiming: Sting (safe; 1% risk of failure)
Press: ? - help, Shift-Dir - straight line, f/p - Menkaure
Aim: Menkaure (moderately damaged, fast, 89% to hit)
The sting hits Menkaure.
Menkaure partially resists.
Menkaure is moderately damaged.
Menkaure hits you!
* * * LOW HITPOINT WARNING * * *
It was a potion of curing.
You feel better. Menkaure hits you!
You die...

### .. #. ###.######.#
#....M.....# #####
#...@############....
##.................##.
#.......#############.
#..............# #.
#.......######.# ##.
##..<...# #.#####.#
##.....# #......##
####..### #######.#
#....# ##.


You could see Menkaure (fast).

Vanquished Creatures
  An orc wizard (D:3)
  2 hound skeletons
  6 adders
  3 worms
  A dart slug (D:4)
  3 orcs (D:3)
  4 endoplasms
  2 giant cockroaches
  11 goblins
  8 hobgoblins
  2 jackals (D:3)
  A quokka (D:1)
  4 ball pythons
  3 bats
  4 frilled lizards
  3 kobolds
  2 rats
60 creatures vanquished.

Notes
Turn   | Place    | Note
-------+----------+-------------------------------------------
     0 | D:1      | funkygono the Formicid Venom Mage began the quest for the
                  | Orb.
     0 | D:1      | Reached XP level 1. HP: 13/13 MP: 3/3
   304 | D:1      | Reached XP level 2. HP: 19/19 MP: 3/5
   348 | D:1      | Learned a level 2 spell: Poisonous Vapours
   918 | D:1      | Reached XP level 3. HP: 24/24 MP: 2/6
  1122 | D:1      | Learned a level 3 spell: Ignite Poison
  1387 | D:2      | Reached skill level 5 in Poison Magic
  1387 | D:2      | Reached XP level 4. HP: 30/30 MP: 2/8
  1619 | D:2      | Found a burning altar of Makhleb.
  1645 | D:2      | Found a faded altar of an unknown god.
  2506 | D:3      | Reached XP level 5. HP: 31/35 MP: 2/9
  3420 | D:3      | Learned a level 4 spell: Olgreb's Toxic Radiance
  3576 | D:4      | Found a runed translucent door.
  3579 | D:4      | Noticed polve's ghost (amateur DsAK)
  3622 | D:4      | Noticed Menkaure
  3629 | D:4      | Slain by Menkaure

Illustrated notes

Levels and vault maps discovered:
D:1:      dpeg_arrival_morbid_curiosity, layout_loops_ring, minmay_pentomino_q4
D:2:      layout_basic, ebering_ecumenical_altar_mist, basic_altar
D:3:      layout_basic
D:4:      layout_loops_ring, grunt_temple_overflow_cloverleaf,
          grunt_qazlal_sundering, ebering_ghost_sewer_f, uniq_menkaure

Skill      XL: |  1  2  3  4 |
---------------+-------------+-----
Dodging        | 2 |  2.2
Poison Magic   | 5 |  5.9
Transmutations | 2 |  2.6
Spellcasting   | 3 |  3.3
Maces & Flails | |  0.2
Stealth        | |  2.4
Fire Magic     | |  0.6
Air Magic      | |  0.2

Action                   |  1- 3 |  4- 6 || total
-------------------------+-------+-------++-------
Melee: Mace              |    16 |    48 ||    64
       Unarmed           |     1 |       ||     1
 Cast: Sting             |    37 |    37 ||    74
       Poisonous Vapours |     1 |    18 ||    19
       Ignite Poison     |       |     1 ||     1
  Use: Scroll            |     3 |     4 ||     7
       Potion            |       |     1 ||     1
Armor: Robe              |     6 |    26 ||    32
Dodge: Dodged            |    15 |    37 ||    52

Table legend: (Time is in decaauts)
 A = Elapsed time spent in this place.
 B = Non-inter-level travel time spent in this place.
 C = Inter-level travel time spent in this place.
 D = Time resting spent in this place.
 E = Time spent auto-exploring this place.
 F = Levels seen in this place.
 G = Mean time per level.
                   A        B        C        D        E       F      G
               +--------+--------+--------+--------+--------+-----+--------+
         Total |   3651 |   3527 |    124 |     23 |   2983 |   4 |  912.8 |
       Dungeon |   3651 |   3527 |    124 |     23 |   2983 |   4 |  912.8 |
               +--------+--------+--------+--------+--------+-----+--------+

Top non-repeatable levels by time:
     D:2: 1198 daAuts
     D:1: 1160 daAuts
     D:3: 1112 daAuts
     D:4: 180 daAuts
